Unix NetHack Version 5.0.0-0 post-release - last build May 31 2026 23:59:36 (970b52f25bf058293b47ddfd14a1e40e571c508c,branch:main).

Game began 2026-06-02 20:37:59, ended 2026-06-02 20:47:53.

Drastanta, lawful female dwarven Valkyrie

                                                    ----
                                                    |..--
                                                    |...|
                                           -------- |.|.------
                                         .--.--...| |.|......--
                                       G ..^......--|.--.---..|
                                         ...G......||......|..--
                                         .|.0......--..........|
                                             ... .G....).....^.--
                                             ...................|
                                             ........)......de.-----
                                             .............|.f@.....|
                                             ....*....--.---...---.|
                                             .......|.|    |..-- |.--    -----
                                             .......|.|    ----  |*.--   |...|
                                             .........|          --..----|...--
                                                  -..--           --..<.||....|
                                                  |...             ----.|-.|..|
                                                                      |.|..|---
                                                                      |....|
                                                                      ------
Drastanta the Skirmisher    St:18 Dx:12 Co:20 In:9 Wi:8 Ch:10  Lawful
Dlvl:4  $:182 HP:0(47) Pw:6(6) AC:6  Xp:3 T:1594 

Latest messages:
 You see here a tripe ration.
 t - a tripe ration.
 You swap places with the peaceful gnome.
 You swap places with your kitten.
 The kitten misses the dwarf.
 The kitten bites the dwarf.
 The dwarf wields a dagger!
 You swap places with your kitten.
 You swap places with your kitten.
 You swap places with your kitten.
 You swap places with your kitten.
 You swap places with your kitten.
 You swap places with your kitten.
 You swap places with your kitten.
 You hit the floating eye!
 You are frozen by the floating eye's gaze!
 The kitten misses the floating eye.
 The kitten is frozen by the floating eye's gaze!
 The fox bites!
 The fox bites!
 The fox bites!
 The fox bites!
 The fox bites!
 The fox bites!
 The fox just misses!
 The fox bites!
 The fox bites!
 The fox bites!
 The fox bites!
 The fox bites!
 The fox bites!
 The fox bites!
 The fox bites!
 The fox bites!
 The fox bites!
 The fox bites!
 The fox bites!
 The fox bites!
 The fox bites!
 The fox bites!
 The fox bites!
 The fox bites!
 The fox bites!
 The fox bites!
 The fox bites!
 The fox bites!
 You die...
 Do you want your possessions identified? [ynq] (y) n
 Do you want to see your attributes? [ynq] (y) n
 Do you want an account of creatures vanquished? [ynaq] (y) q

Inventory:
 Coins    ('$')
  $ - 182 gold pieces
 Weapons  (')')
  b - a +0 dagger (alternate weapon; not wielded)
  a - a +1 dwarvish spear (weapon in right hand)
 Armor    ('[')
  h - an uncursed +0 pair of elven boots
  c - an uncursed +3 small shield (being worn)
 Comestibles  ('%')
  o - 2 uncursed carrots
  d - an uncursed food ration
  r - an uncursed lembas wafer
  t - an uncursed tripe ration
 Scrolls  ('?')
  f - an uncursed scroll of confuse monster
  k - 2 uncursed scrolls of destroy armor
  m - an uncursed scroll of identify
 Potions  ('!')
  i - an uncursed potion of blindness
  n - a cursed potion of gain energy
  j - an uncursed potion of levitation
  q - a cursed potion of object detection
  l - an uncursed potion of sickness
 Rings    ('=')
  e - a cursed -1 ring of gain constitution
 Wands    ('/')
  g - a wand of sleep (0:5)
 Tools    ('(')
  s - an uncursed oil lamp

Drastanta the Valkyrie's attributes:

Background:
 You were a Skirmisher, a level 3 dwarven Valkyrie.
 You were lawful, nominally on a mission for Tyr
 who was opposed by Odin (neutral) and Loki (chaotic).
 You were right-handed.
 You were in the Gnomish Mines, on level 4.
 You entered the dungeon 1594 turns ago.
 There was a full moon in effect when your adventure ended.
 You had 49 experience points, 31 more were needed to attain level 4.

Basics:
 You had 0 out of 47 hit points.
 You had all 6 energy points (spell power).
 Your armor class was 6.
 Your wallet contained 182 zorkmids.
 Autopickup was on for '$' plus thrown.

Final Characteristics:
 Your strength was 18 (limit:18/100).
 Your dexterity was 12 (limit:20).
 Your constitution was 20 (limit:20).
 Your intelligence was 9 (limit:16).
 Your wisdom was 8 (limit:16).
 Your charisma was 10 (limit:16).

Final Status:
 You weren't hungry.
 You were unencumbered.
 You were wielding a spear.
 You had basic skill with spear.

Final Attributes:
 You were devoutly aligned.
 You were cold resistant.
 You had infravision.
 You were stealthy.
 You were lucky.
 You are dead.

Miscellaneous:
 You didn't encounter any bones levels.
 Total elapsed playing time was 9 minutes and 53 seconds.

Major events:
 Turn
    1: Drastanta the lawful dwarven Valkyrie entered the dungeon
  891: attained the rank of Skirmisher (level 3)
 1290: entered the Gnomish Mines
 1594: killed by a fox, while frozen by a floating eye's gaze

You didn't know any spells.

Skills:
 Fighting Skills
   bare handed combat [Unskilled]
   two weapon combat  [Unskilled]
   riding             [Unskilled]
 Weapon Skills
   dagger             [Basic]
   axe                [Unskilled]
   pick-axe           [Unskilled]
   short sword        [Unskilled]
   broadsword         [Unskilled]
   long sword         [Unskilled]
   two-handed sword   [Unskilled]
   saber              [Unskilled]
   hammer             [Unskilled]
   quarterstaff       [Unskilled]
   polearms           [Unskilled]
   spear              [Basic]
   trident            [Unskilled]
   lance              [Unskilled]
   sling              [Unskilled]
 Spellcasting Skills
   attack spells      [Unskilled]
   escape spells      [Unskilled]

Voluntary challenges:
 Character rerolling was not enabled.
 You were an atheist.
 You were illiterate.
 You never genocided any monsters.
 You never polymorphed an object.
 You never changed form.
 You used no wishes.
Achievements:
 You attained the rank of Skirmisher.
 You entered a shop.
 You entered the Gnomish Mines.

 The Dungeons of Doom: levels 1 to 3
    Level 1:
       A fountain.
    Level 2:
       A fountain.
    Level 3:
       A bookstore, some fountains.
       Stairs down to The Gnomish Mines.
 The Gnomish Mines:
    Level 4: <- You were here.
       Final resting place for
          you, killed by a fox, while frozen by a floating eye's gaze.


Vanquished creatures:
  2 giant rats
  a yellow mold
  a red mold
  4 gnomes
  4 geckos
  4 jackals
  2 kobolds
  2 goblins
  3 grid bugs
  5 newts
28 creatures vanquished.

No species were genocided or became extinct.

Game over:
                       ----------
                      /          \
                     /    REST    \
                    /      IN      \
                   /     PEACE      \
                  /                  \
                  |    Drastanta     |
                  |      182 Au      |
                  | killed by a fox  |
                  |                  |
                  |                  |
                  |                  |
                  |       2026       |
                 *|     *  *  *      | *
        _________)/\\_//(\/(/\)/\//\/|_)_______

Farvel Drastanta the Valkyrie...

You died in The Gnomish Mines on dungeon level 4 with 510 points,
and 182 pieces of gold, after 1594 moves.
You were level 3 with a maximum of 47 hit points when you died.

